 Dungeon Crawl Stone Soup version 0.19-a0-1899-g2d93087 (webtiles) character file.

219 Kaname the Stinger (level 5, -4/31 HPs)
             Began as a High Elf Wanderer on Oct 20, 2016.
             Slain by Grinder (5 damage)
             ... on level 3 of the Dungeon.
             The game lasted 00:18:37 (4741 turns).

Kaname the Stinger (High Elf Wanderer)              Turns: 4741, Time: 00:18:37

Health: -4/31      AC:  6    Str:  7    XL:     5   Next: 64%
Magic:  7/7        EV: 11    Int: 21    God:
Gold:   52         SH:  0    Dex: 14    Spells: 2 memorised, 2 levels left

rFire  . . .     SeeInvis .     d - +3 dagger (speed)
rCold  + . .     Gourm    .     v - +2 leather armour {rC+}
rNeg   . . .     Faith    +     (no shield)
rPois  .         Spirit   .     (no helmet)
rElec  .         Reflect  .     (no cloak)
rCorr  .         Harm     .     e - +0 pair of gloves
MR     .....                    (no boots)
Stlth  ++........               p - amulet of faith
                                (no ring)
                                (no ring)

@: flying
A: no striking features
a: no special abilities


You were on level 3 of the Dungeon.
You were not hungry.

You visited 1 branch of the dungeon, and saw 4 of its levels.

You collected 182 gold pieces.
You spent 130 gold pieces at shops.

Inventory:

Hand Weapons
 d - a +3 dagger of speed (weapon)
 y - a +2 spear of venom
Missiles
 C - a throwing net (quivered)
Armour
 e - a +0 pair of gloves (worn)
 v - a +2 leather armour of cold resistance (worn)
Jewellery
 p - an amulet of faith (around neck)
Scrolls
 c - 3 scrolls of identify {unknown}
 g - 2 scrolls of teleportation
 h - 2 scrolls of recharging {unknown}
 i - a scroll of immolation
 l - 3 scrolls of magic mapping {unknown}
 m - 2 scrolls of amnesia {unknown}
 o - 2 scrolls of remove curse
 u - a scroll of enchant armour {unknown}
 w - a scroll of blinking {unknown}
 x - a scroll of random uselessness {unknown}
 A - a scroll of fog
 B - a scroll of enchant weapon {unknown}
Potions
 b - 3 potions of curing
 j - 3 potions of degeneration {unknown}
 q - 2 potions of haste {unknown}
 r - 3 potions of heal wounds
 s - a potion of flight
Books
 a - a Young Poisoner's Handbook

   Spells                             Type                      Level
   a - Sting                          Conjuration/Poison           1
   b - Mephitic Cloud                 Conjuration/Poison/Air       3
   c - Olgreb's Toxic Radiance        Poison                       4
   d - Alistair's Intoxication        Transmutation/Poison         5
   e - Venom Bolt                     Conjuration/Poison           5
 t - a book of Misfortune

   Spells                             Type                      Level
   a - Confusing Touch                Hexes                        1
   b - Confuse                        Hexes                        3
   c - Gell's Gravitas                Hexes/Translocation          3
   d - Petrify                        Transmutation/Earth          4
   e - Metabolic Englaciation         Hexes/Ice                    5
   f - Yara's Violent Unravelling     Hexes/Transmutation          5
Comestibles
 f - 3 bread rations
 k - 3 beef jerkies
 n - a meat ration
 z - a chunk of flesh


   Skills:
   Level 1.0 Staves
 - Level 1.1 Dodging
 - Level 2.1 Stealth
 - Level 1.2 Spellcasting
 + Level 3.5 Conjurations
   Level 1.7 Summonings
 - Level 4.0 Poison Magic
   Level 1.0 Evocations


You had 2 spell levels left.
You knew the following spells:

 Your Spells              Type           Power        Failure   Level  Hunger
a - Sting                 Conj/Pois      ###.         6%          1    ##.....
b - Mephitic Cloud        Conj/Pois/Air  ##......     30%         3    ####...


Dungeon Overview and Level Annotations

Branches:
Dungeon (4/15)
 Temple: D:4-7

Altars:

Shops:
D:4 !

Annotations:
D:3 Grinder
D:4 Menkaure


Message History

You hit Grinder but do no damage.
Grinder is moderately wounded.
Grinder gestures at you. You resist with significant effort.
You hit Grinder.
Grinder is heavily wounded.
Grinder gestures at you.
You suddenly lose the ability to move!
Grinder hits you! x2
You writhe in agony.
You can move again.
Unknown command.
Unknown command.
Unknown command.
It was a potion of flight.
You feel very buoyant.
You fly up into the air.
Grinder hits you!
* * * LOW HITPOINT WARNING * * *
You writhe in agony.
You die...

........#...#..####.#.##.#
...........).........>...#
##.............###..######
#...........<..# #..##
#.#.........#..# #...#
......###......###..##
#...#.# #.###)...#..#
#.###.###..##.##5####
#.....#.##.##.##@#
#######.##.##.##.#
########
...)....##..#ยง##.#
#......#
#######..........#
#.###.## #####.#.#### #.#
#.# ####### #.#.# #.# #.#
#.....# #.#.##########.#
#.# #.....#
#..............# #.#
#.....# ##..############
#.#


You could see Grinder.

Vanquished Creatures
  Terence (D:3)
  Ijyb (D:3)
  4 adders
  4 gnolls (D:3)
  A worm (D:4)
  4 dart slugs
  4 leopard geckos
  3 orcs (D:3)
  3 giant cockroaches
  11 goblins
  13 hobgoblins
  4 jackals (D:2)
  A quokka (D:2)
  10 bats
  5 frilled lizards
  7 kobolds
  4 rats
80 creatures vanquished.

Notes
Turn   | Place    | Note
-------+----------+-------------------------------------------
     0 | D:1      | Kaname the High Elf Wanderer began the quest for the Orb.
     0 | D:1      | Kaname set off with: a Young Poisoner's Handbook, 2 potions of curing, a +0 robe, a +0 dagger, a bread ration
     0 | D:1      | Reached XP level 1. HP: 11/11 MP: 3/3
    13 | D:1      | Learned a level 1 spell: Sting
   173 | D:1      | Reached skill level 2 in Poison Magic
   233 | D:1      | Reached XP level 2. HP: 17/17 MP: 1/4
   274 | D:1      | Reached skill level 1 in Conjurations
   652 | D:1      | Reached XP level 3. HP: 18/21 MP: 0/5
   707 | D:1      | Learned a level 3 spell: Mephitic Cloud
  1437 | D:2      | Reached skill level 3 in Poison Magic
  1545 | D:2      | Reached XP level 4. HP: 27/27 MP: 1/6
  2201 | D:3      | Noticed Terence
  2221 | D:3      | Killed Terence
  2592 | D:3      | Noticed Grinder
  2863 | D:3      | Noticed Ijyb
  2876 | D:3      | Killed Ijyb
  2876 | D:3      | Reached XP level 5. HP: 19/31 MP: 1/7
  3031 | D:3      | Reached skill level 4 in Poison Magic
  4072 | D:4      | Found Peun Ihi's Distillery.
  4080 | D:4      | Bought 2 potions of heal wounds for 130 gold pieces
  4241 | D:4      | Noticed Menkaure
  4708 | D:3      | Paralysed by Grinder for 6 turns
  4738 | D:3      | Paralysed by Grinder for 2 turns
  4741 | D:3      | HP: 1/31 [Grinder (9)]
  4741 | D:3      | Slain by Grinder

Vault maps used:
D:1:      dpeg_arrival_simpleton_a
D:3:      minmay_door_square, uniq_iyjb, uniq_terence, uniq_grinder
D:4:      first_bread, serial_shops, shop, uniq_menkaure

Skill      XL: |  1  2  3  4  5 |
---------------+----------------+-----
Poison Magic   | 2 3 4 |  4.0
Conjurations   | 2 3 |  3.5
Staves         | |  1.0
Dodging        | |  1.1
Stealth        | |  2.1
Spellcasting   | |  1.2
Summonings     | |  1.7
Evocations     | |  1.0

Action                   |  1- 3 |  4- 6 || total
-------------------------+-------+-------++-------
Melee: Dagger            |    98 |    78 ||   176
       Long sword        |       |    22 ||    22
       Spear             |       |    18 ||    18
 Cast: Sting             |    49 |    44 ||    93
       Mephitic Cloud    |       |     1 ||     1
  Use: Scroll            |     1 |     3 ||     4
       Potion            |       |     3 ||     3
 Stab: Sleeping          |       |     1 ||     1
       Distracted        |       |     1 ||     1
  Eat: Chunk             |     3 |    12 ||    15
Armor: Robe              |    34 |    23 ||    57
       Leather armour    |       |     9 ||     9
Dodge: Dodged            |    76 |    57 ||   133
       Rpst.: Long sword |       |     7 ||     7
